cohdb
Replays
Latest Replays
All Replays
Popular Replays
Top Player Replays
Match Explorer
How It Works
Community
CoH3 Stats
Reddit
Sign in to upload your games and track your stats! →
Sign in with Steam
Match 43631890
Unlisted
Match 43631890
Overview
Messages
Build Orders
End
Engineer Squad
Construct Weapon Support Center
M1919 Machine Gun Team
Bazooka Squad
M1919 Machine Gun Team
M1919 Machine Gun Team
Construct Medical Station
Improved M9 Bazooka Rockets
Bazooka Squad
Mechanized Support Center
Mortar Pit
Mortar Pit
Bazooka Squad
Selects Heavy Weapons
Selects Heavy Weapons
Selects M2HB .50cal Heavy Machine Gun
Selects Assault Carriers
Selects Exchangeable Parts
Improvised Armor
M3 Assault Carrier
M3 Assault Carrier
Designate Forward Repair Station
Bia Bia Bia
H404.CatfishLover
昌江县县委书记
.k boy
[Ace] Mango Rage
runyourway
胡萝卜
ionwood
0
0
Comments
sign in to comment!
No comments posted yet!